 Dungeon Crawl Stone Soup version 0.31-a0-963-ga325b2283a (webtiles) character file.

Game seed: 12373754885898824301

225754 lessens the Peltast (level 19, -13/151 HPs)
             Began as a Gnoll Gladiator on Oct 24, 2023.
             Was an Initiate of Gozag.
             Mangled by a tentacled starspawn (17 damage)
             ... on level 3 of the Abyss.
             The game lasted 01:39:37 (50347 turns).

lessens the Peltast (Gnoll Gladiator)              Turns: 50347, Time: 01:39:37

Health: -13/151    AC: 23    Str: 19    XL:     19   Next: 33%
Magic:  4/36       EV: 22    Int: 13    God:    Gozag
Gold:   6078       SH:  0    Dex: 16    Spells: 33/44 levels left

rFire   . . .        O - +8 glaive of Byruz {chaos, rPois}
rCold   + . .        (shield currently unavailable)
rNeg    . . .        Q - +4 scale mail {Will+}
rPois   +            y - +1 helmet of the Swamp {rElec Stlth+}
rElec   +            (no cloak)
rCorr   .            J - +2 pair of gloves {Dex+3}
SInv    +            v - +2 pair of boots {Fly}
Will    ++...        d - amulet of regeneration
Stlth   +++++        A - +5 ring of evasion
HPRegen 1.25/turn    M - ring of see invisible
MPRegen 0.25/turn

%: random rage (3%)
@: gold aura, flying, studying 2 skills
A: fangs 1, strong nose, distributed training, berserk 1, clever 1, cold
resistance 1
}: 1/15 runes: serpentine
a: Renounce Religion, Potion Petition, Call Merchant, Bribe Branch


You were on level 3 of the Abyss.
You worshipped Gozag.
Gozag was greatly pleased with you.
You visited 6 branches of the dungeon, and saw 31 of its levels.
You visited the Abyss 1 time.
You also visited: Bailey, Gauntlet and Ice Cave.

You collected 13862 gold pieces.
You spent 3517 gold pieces at shops.
You paid 4267 gold pieces to Gozag.

Inventory:

Hand Weapons
 O - the +8 glaive of Byruz (weapon) {chaos, rPois}
   (You bought it in a shop on level 13 of the Dungeon)

   rPois:     It protects you from poison
 S - a +5 morningstar of venom
Missiles
 e - 16 javelins (quivered)
 g - 5 throwing nets
 x - 19 boomerangs
 D - 6 curare-tipped darts
 G - 38 poisoned darts
Armour
 m - a +2 kite shield of reflection
 v - a +2 pair of boots of flying (worn)
 y - the +1 helmet of the Swamp (worn) {rElec Stlth+}
   (You found it on level 15 of the Dungeon)

   rElec:     It insulates you from electricity.
   Stlth+:    It makes you more stealthy.
 J - a +2 pair of gloves of dexterity (worn)
 N - a +2 helmet of intelligence
 Q - a +4 scale mail of willpower (worn)
Jewellery
 d - an amulet of regeneration (around neck)
 A - a +5 ring of evasion (left hand)
 E - a ring of fire
 I - the amulet of Neoz {Reflect rElec rPois rN+ Str+4 SH+5}
   (You acquired it on level 1 of the Shoals)

   [amulet of reflection]

   Reflect:   It reflects blocked missile attacks.
   Str+4:     It affects your strength (+4).
   rElec:     It insulates you from electricity.
   rPois:     It protects you from poison rN+: It protects you from negative
   energy.
   SH+5:      It affects your SH (+5).
 M - a ring of see invisible (right hand)
 W - a ring of protection from cold
 X - a ring of resist corrosion
Wands
 c - a wand of polymorph (8)
 z - a wand of mindburst (10)
 F - a wand of flame (71)
 V - a wand of light (4)
Scrolls
 b - 2 scrolls of silence
 f - 4 scrolls of blinking
 h - 3 scrolls of poison
 j - 2 scrolls of enchant armour
 l - 2 scrolls of amnesia
 p - a scroll of vulnerability
 s - 3 scrolls of enchant weapon
 t - 4 scrolls of teleportation
 u - a scroll of fear
 w - 9 scrolls of revelation
 H - 14 scrolls of identify
 K - 6 scrolls of fog
 L - 4 scrolls of summoning
 Z - 3 scrolls of torment
Potions
 a - a potion of ambrosia
 i - 14 potions of curing
 k - 4 potions of enlightenment
 n - 5 potions of resistance
 q - 7 potions of heal wounds
 r - 4 potions of invisibility
 B - 6 potions of attraction
 C - 6 potions of mutation
 P - 5 potions of haste
 R - a potion of cancellation
 T - a potion of brilliance
 U - 3 potions of might
 Y - 2 potions of lignification


   Skills:
 + Level 13.9 Fighting
 + Level 13.2 Short Blades
 + Level 13.2 Long Blades
 + Level 14.6 Axes
 + Level 13.2 Maces & Flails
 + Level 13.2 Polearms
 + Level 13.2 Staves
 + Level 13.2 Ranged Weapons
 + Level 13.9 Throwing
 + Level 13.2 Armour
 + Level 14.6 Dodging
 + Level 13.2 Stealth
 + Level 17.4 Shields
 + Level 13.2 Unarmed Combat
 + Level 13.2 Spellcasting
 + Level 11.2 Conjurations
 + Level 11.2 Hexes
 + Level 11.2 Summonings
 + Level 11.2 Necromancy
 + Level 11.2 Translocations
 + Level 11.2 Transmutations
 + Level 13.0 Fire Magic
 + Level 11.2 Ice Magic
 + Level 11.2 Air Magic
 + Level 11.2 Earth Magic
 + Level 11.2 Poison Magic
 + Level 14.3 Invocations
 + Level 13.2 Evocations
 + Level 12.2 Shapeshifting


You had 33 spell levels left.
You knew the following spells:

 Your Spells              Type           Power      Damage    Failure   Level
a - Mephitic Cloud        Conj/Pois/Air  37%        N/A       1%          3
b - Manifold Assault      Tloc           37%        N/A       1%          4
c - Olgreb's Toxic Radia  Pois           37%        N/A       1%          4

Your spell library contained the following spells:

 Spells                   Type           Power      Damage    Failure   Level
 Apportation              Tloc           74%        N/A       1%          1
 Foxfire                  Conj/Fire      100%       2x1d9     1%          1
 Sting                    Tmut/Pois      100%       1d8       1%          1
 Summon Small Mammal      Summ           100%       N/A       1%          1
 Blink                    Tloc           74%        N/A       1%          2
 Cigotuvi's Dreadful Rot  Necr/Pois/Air  74%        N/A       1%          2
 Jinxbite                 Hex            74%        N/A       1%          2
 Lesser Beckoning         Tloc           74%        N/A       1%          2
 Momentum Strike          Conj/Tloc      74%        3d10      1%          2
 Poisonous Vapours        Pois/Air       74%        N/A       1%          2
 Scorch                   Fire           84%        2d8       1%          2
 Static Discharge         Conj/Air       74%        3-7/arc   1%          2
 Wereblood                Tmut           37%        N/A       1%          2
 Call Canine Familiar     Summ           37%        N/A       1%          3
 Dazzling Flash           Conj/Hex       74%        N/A       1%          3
 Ignite Poison            Fire/Tmut/Pois 39%        N/A       1%          3
 Inner Flame              Hex/Fire       40%        N/A       1%          3
 Ozocubu's Armour         Ice            37%        N/A       1%          3
 Summon Guardian Golem    Hex/Summ       37%        N/A       1%          3
 Tukima's Dance           Hex            37%        N/A       1%          3
 Volatile Blastmotes      Fire/Tloc      80%        2d16      1%          3
 Airstrike                Air            18%        2d(3-19)  1%          4
 Cause Fear               Hex            18%        N/A       1%          4
 Dispel Undead            Necr           37%        3d15      1%          4
 Flame Wave               Conj/Fire      40%        2d11      1%          4
 Fulminant Prism          Conj/Hex       18%        3d10      1%          4
 Iskenderun's Mystic Bla  Conj/Tloc      37%        2d9       1%          4
 Passage of Golubria      Tloc           37%        N/A       1%          4
 Summon Lightning Spire   Summ/Air       37%        N/A       1%          4
 Fireball                 Conj/Fire      20%        3d10      3%          5
 Agony                    Necr           37%        N/A       4%          5
 Alistair's Intoxication  Tmut/Pois      24%        N/A       4%          5
 Freezing Cloud           Conj/Ice/Air   18%        6-21      4%          5
 Irradiate                Conj/Tmut      18%        3d17      4%          5
 Metabolic Englaciation   Hex/Ice        18%        N/A       4%          5
 Silence                  Hex/Air        18%        N/A       4%          5
 Yara's Violent Unravell  Hex/Tmut       18%        3d9       4%          5
 Plasma Beam              Fire/Air       20%        2x1d32    19%         6
 Starburst                Conj/Fire      20%        6d7       19%         6
 Death Channel            Necr           18%        N/A       28%         6
 Summon Cactus Giant      Summ           18%        N/A       28%         6
 Enfeeble                 Hex            18%        N/A       83%         7
 Haunt                    Necr/Summ      18%        N/A       83%         7
 Borgnjor's Revivificati  Necr           18%        N/A       100%        8
 Maxwell's Capacitive Co  Air            18%        ∞         100%        8
 Death's Door             Necr           18%        N/A       100%        9
 Dragon's Call            Summ           18%        N/A       100%        9
 Simulacrum               Ice/Necr       Unusable   N/A       N/A         6

Dungeon Overview and Level Annotations

Branches:
Dungeon (15/15) Zot: 25174  Temple (1/1) D:5 Zot: 5939    Lair (5/5) D:11 Zot: 18425
 Shoals (4/4) Lair:3 Zot: 18496   Snake (4/4) Lair:3 Zot: 17123   Slime (0/5) Lair:5
    Orc (2/2) D:11 Zot: 9241     Elf (0/3) Orc:2        Vaults (0/5) D:13
 Depths (0/4) D:15         Bailey (visited)           IceCv (visited)
Gauntlet (visited)

Altars:
Ashenzari
Cheibriados
Dithmenos
Elyvilon
Fedhas
Gozag
Hepliaklqana
Kikubaaqudgha
Makhleb
Nemelex Xobeh
Okawaru
Qazlal
Ru
Sif Muna
Trog
Uskayaw
Vehumet
Wu Jian
Xom
Yredelemnul
Zin
The Shining One

Shops:
D:8 ?   D:9 [   D:13 (   D:14 !   Orc:2 :=!(!   Lair:1 (   Lair:4 (
Snake:3 [!!   Snake:4 (

Annotations:
D:7 2 transporters, sammy202020's ghost, novice GrBe
D:8 2 transporters, croobank's ghost, novice DsCj


Innate Abilities, Weirdness & Mutations

You have very sharp teeth.
Your uncanny sense of smell can sniff out nearby items.
Your experience applies equally to all skills.
You sometimes lose your temper in combat.
Your mind is acute. (Int +4, Str/Dex -1)
Your flesh is cold resistant. (rC+)


Message History

Space momentarily warps into an impossible shape!
You hit the starspawn tentacle. You burn the starspawn tentacle.
You slice the starspawn tentacle segment!!
You destroy the starspawn tentacle segment!
A tentacle flies out from the starspawn's body!
A starspawn tentacle comes into view.
Casting: Manifold Assault (mildly dangerous; 1% risk of failure)
Confirm with . or Enter, or press ? or * to list all spells.
Space momentarily warps into an impossible shape!
You hit the starspawn tentacle. You freeze the starspawn tentacle.
You slash the starspawn tentacle! You freeze the starspawn tentacle.
You barely miss the tentacled starspawn.
You destroy the tentacled starspawn!
The starspawn's tentacles wither and die.
Casting: Manifold Assault (mildly dangerous; 1% risk of failure)
Confirm with . or Enter, or press ? or * to list all spells.
You don't have enough magic to cast this spell.
The tentacled starspawn bites you!!!
* * * LOW HITPOINT WARNING * * *
The tentacled starspawn closely misses you.
You hear a shout!
You see here 22 gold pieces.
You slice the tentacled starspawn!! You burn the tentacled starspawn.
The tentacled starspawn is severely damaged.
Tentacles burst from the starspawn's body! 2 starspawn tentacles come into view.
You hit the tentacled starspawn but do no damage.
You bite the tentacled starspawn, but do no damage.
The tentacled starspawn is severely damaged.
The tentacled starspawn bites you!!
* * * LOW HITPOINT WARNING * * *
The tentacled starspawn misses you.
The starspawn tentacle barely misses you.
You feel much better.
A lich comes into view.
The tentacled starspawn bites you!
* * * LOW HITPOINT WARNING * * *
The tentacled starspawn tentacle-slaps you!
You die...
Your body crumbles into a pile of gold.

. . .###.#
..#..... .
.#..# . ...##
## #...#.#
##..##.## ...#
........##..##
..#..#.#@....#
# ...#Xw..## .
...w.#..#
###.#.#..#..##
..##.#...#L. #
#...##.## ..
.##.. .# # .
### .w ... #


You could see a tentacled starspawn (strong), a lich and 2 starspawn tentacles.

Vanquished Creatures
  Jorgrun (D:14)
  Rupert (D:15)
  A tentacled starspawn (Abyss:3)
  A kraken (Shoals:4)
  Ilsuiw (Shoals:3)
  An azure jelly (Snake:2)
  8 nagarajas
  The ghost of Biekhle the Arsonist, a journeyman DrVM of Sif Muna (D:14)
  An orc warlord (D:11)
  4 reapers (IceCv)
  Nessos (D:15)
  A minotaur (Gauntlet)
  A bunyip (Shoals:3)
  The ghost of Xaneum the Spry, a journeyman FeAr of Gozag (Snake:1)
  The ghost of grtsk the Severer, a journeyman MiBe of Trog (D:12)
  A merfolk javelineer (Shoals:3)
  3 hydras
  5 entropy weavers
  2 salamander tyrants
  5 merfolk impalers
  The ghost of gdog the Covert, a journeyman GnDe of Ashenzari (D:11)
  2 merfolk avatars
  A caustic shrike simulacrum (IceCv)
  An ogre mage (Orc:2)
  13 anacondas
  4 boulder beetles
  A rakshasa (Abyss:3)
  6 catoblepae
  2 ghost crabs (Lair:3)
  2 satyrs
  3 centaur warriors
  2 merfolk aquamancers
  13 two-headed ogres
  11 naga warriors
  6 death yaks (Lair:5)
  8 naga sharpshooters
  An orc high priest (Orc:1)
  Urug (Lair:2)
  A vampire mage (D:14)
  Sonja (D:12)
  6 shock serpents
  A soul eater (Gauntlet)
  3 skysharks
  A storm dragon zombie (D:15)
  The ghost of PowderKeg the Mimic, a novice OpSh of Gozag (D:11)
  5 fire crabs (Lair:3)
  A sea snake (shapeshifter) (Shoals:2)
  3 skeletal warriors (D:15)
  A spark wasp zombie (D:15)
  24 sea snakes
  3 deep trolls
  A spriggan simulacrum (IceCv)
  A salamander mystic (Snake:2)
  An orange crystal statue (IceCv)
  A bog body (IceCv)
  2 starcursed masses (Abyss:3)
  An obsidian statue (IceCv)
  5 naga ritualists
  Pikel (D:5)
  2 orc knights
  A necromancer (D:15)
  9 mana vipers
  15 harpies
  5 orc sorcerers
  A wolf spider (Gauntlet)
  6 ugly things
  12 fauns
  20 manticores
  7 guardian serpents
  4 merfolk sirens
  8 cyclopes
  13 elephants
  11 salamanders
  37 black mambas
  An apocalypse crab (Lair:3)
  A torpor snail (Orc:2)
  3 water nymphs
  3 gargoyles
  23 naga magi
  An unseen horror (D:11)
  8 cane toads
  A smoke demon (Abyss:3)
  An efreet (D:14)
  4 kobold demonologists
  8 komodo dragons
  A yaktaur (D:15)
  An anaconda simulacrum (IceCv)
  13 freezing wraiths
  20 merfolk
  13 trolls
  An ancient zyme (Abyss:3)
  3 hornets
  3 ice devils (IceCv)
  An alligator simulacrum (IceCv)
  4 wind drakes
  21 blink frogs
  3 raiju (Abyss:3)
  2 queen bees (shapeshifter)
  3 hornets (shapeshifter)
  A tarantella (shapeshifter) (D:14)
  9 snapping turtles
  Prince Ribbit (D:5)
  14 dream sheep
  A large abomination (Abyss:3)
  6 slime creatures (D:13)
  3 shadows
  A jumping spider (Gauntlet)
  2 vampires
  A wraith (D:11)
  7 water elementals
  A yak (shapeshifter) (Snake:1)
  73 yaks
  2 wyverns
  5 basilisks
  6 minotaur simulacra (IceCv)
  5 vampire mosquitoes
  4 wargs (Orc:1)
  49 nagas
  Duvessa (D:5)
  2 acid dragons
  2 harpy simulacra
  18 water moccasins
  3 swamp worms (Gauntlet)
  2 sky beasts
  An ettin simulacrum (IceCv)
  3 ice beasts
  24 orc warriors
  22 ogres
  A black bear (D:4)
  30 wolves
  15 centaurs
  A lemure (D:5)
  A kobold brigand (D:9)
  The ghost of osoart the Sneak, an amateur SpBr of Lugonu (D:4)
  8 bullfrogs
  2 gnoll sergeants
  4 deep troll simulacra (IceCv)
  A small abomination (Abyss:3)
  2 scorpions
  12 wights
  4 killer bees (D:8)
  A lindwurm simulacrum (IceCv)
  5 howler monkeys
  3 electric eels
  9 hounds
  9 orc priests
  Ijyb (D:3)
  A gnoll bouda (D:9)
  2 sleepcaps (D:7)
  Jessica (D:2)
  5 iguanas
  18 orc wizards
  Robin (D:2)
  22 gnolls
  10 adders
  5 shadow imps
  A white imp (D:4)
  2 ufetubi (Abyss:3)
  4 worms
  3 dart slugs
  82 orcs
  10 ball pythons
  6 bats
  10 endoplasms
  6 giant cockroaches
  16 goblins
  12 hobgoblins
  4 jackals (D:4)
  2 quokkas
  2 frilled lizards (D:1)
  20 kobolds
  5 rats
  A butterfly (Lair:2)
  A starspawn tentacle (Abyss:3)
1108 creatures vanquished.

Vanquished Creatures (collateral kills)
  An ogre (D:5)
1 creature vanquished.

Vanquished Creatures (others)
  A two-headed ogre (Orc:2)
  A cyclops (Orc:2)
  A black mamba (Snake:4)
  A cane toad (Lair:4)
  A troll (Orc:2)
  A naga (Snake:4)
  A wolf (Lair:2)
  A centaur (D:13)
  Dowan (D:5)
  2 orcs
  7 starspawn tentacles (Abyss:3)
  4 tentacles (Shoals:4)
22 creatures vanquished.

Grand Total: 1131 creatures vanquished

Notes
Turn   | Place    | Note
-------+----------+-------------------------------------------
     0 | D:1      | lessens the Gnoll Gladiator began the quest for the Orb.
     0 | D:1      | Reached XP level 1. HP: 20/20 MP: 1/1
   160 | D:1      | Reached XP level 2. HP: 23/23 MP: 2/2
   876 | D:2      | Reached XP level 3. HP: 31/31 MP: 3/3
   978 | D:2      | Reached skill level 1 in Invocations
  1017 | D:2      | Noticed Robin
  1132 | D:2      | Killed Robin
  1133 | D:2      | Reached skill level 1 in Short Blades
  1133 | D:2      | Reached skill level 1 in Long Blades
  1133 | D:2      | Reached skill level 1 in Maces & Flails
  1133 | D:2      | Reached skill level 1 in Polearms
  1133 | D:2      | Reached skill level 1 in Staves
  1133 | D:2      | Reached skill level 1 in Ranged Weapons
  1133 | D:2      | Reached skill level 1 in Armour
  1133 | D:2      | Reached skill level 1 in Stealth
  1133 | D:2      | Reached skill level 1 in Shields
  1133 | D:2      | Reached skill level 1 in Unarmed Combat
  1133 | D:2      | Reached skill level 1 in Spellcasting
  1133 | D:2      | Reached skill level 1 in Evocations
  1133 | D:2      | Reached XP level 4. HP: 32/38 MP: 5/5
  1233 | D:2      | Noticed Jessica
  1241 | D:2      | Killed Jessica
  1242 | D:2      | Reached skill level 1 in Conjurations
  1242 | D:2      | Reached skill level 1 in Hexes
  1242 | D:2      | Reached skill level 1 in Summonings
  1242 | D:2      | Reached skill level 1 in Necromancy
  1242 | D:2      | Reached skill level 1 in Translocations
  1242 | D:2      | Reached skill level 1 in Transmutations
  1242 | D:2      | Reached skill level 1 in Fire Magic
  1242 | D:2      | Reached skill level 1 in Ice Magic
  1242 | D:2      | Reached skill level 1 in Air Magic
  1242 | D:2      | Reached skill level 1 in Earth Magic
  1242 | D:2      | Reached skill level 1 in Poison Magic
  1242 | D:2      | Reached skill level 1 in Shapeshifting
  1607 | D:2      | Reached XP level 5. HP: 43/43 MP: 6/6
  1619 | D:2      | Identified the +0 scale mail of Patterns {Drain rElec
                  | Str+5}
  2200 | D:3      | Found a blossoming altar of Fedhas.
  2213 | D:3      | Noticed Ijyb
  2246 | D:3      | Killed Ijyb
  2310 | D:3      | Found an ancient bone altar of Kikubaaqudgha.
  2415 | D:3      | Found a shimmering altar of Xom.
  2731 | D:3      | Reached XP level 6. HP: 24/50 MP: 8/8
  2973 | D:3      | Found a glowing golden altar of the Shining One.
  3071 | D:4      | Reached skill level 5 in Fighting
  3071 | D:4      | Reached skill level 5 in Throwing
  3092 | D:3      | Reached skill level 2 in Shields
  3282 | D:4      | Noticed osoart's ghost (amateur SpBr)
  3294 | D:4      | Found a runed translucent gate.
  3294 | D:4      | Found a runed translucent gate.
  3494 | D:4      | Reached XP level 7. HP: 40/56 MP: 10/10
  4285 | D:4      | Found a runed translucent gate.
  4311 | D:4      | Killed osoart's ghost
  4519 | D:5      | Entered Level 5 of the Dungeon
  4569 | D:5      | Reached skill level 3 in Shields
  4569 | D:5      | Reached XP level 8. HP: 57/63 MP: 10/12
  4647 | D:5      | Found a staircase to the Ecumenical Temple.
  4699 | Temple   | Entered the Ecumenical Temple
  4729 | Temple   | Became a worshipper of Gozag Ym Sagoz the Greedy
  4779 | D:5      | Noticed Dowan
  4780 | D:5      | Noticed Duvessa
  4802 | D:5      | Killed Dowan
  4810 | D:5      | Killed Duvessa
  4913 | D:5      | Noticed Pikel
  4952 | D:5      | Killed Pikel
  5292 | D:5      | Found a shadowy altar of Dithmenos.
  5299 | D:5      | Noticed Prince Ribbit
  5312 | D:5      | Killed Prince Ribbit
  5313 | D:5      | Reached XP level 9. HP: 49/69 MP: 10/14
  5611 | D:5      | Reached skill level 4 in Shields
  6242 | D:6      | Noticed a two-headed ogre
  6279 | D:6      | Killed a two-headed ogre
  6280 | D:6      | Reached skill level 5 in Invocations
  7573 | D:7      | Noticed a cyclops
  7599 | D:7      | Killed a cyclops
  7600 | D:7      | Reached skill level 5 in Short Blades
  7600 | D:7      | Reached skill level 5 in Long Blades
  7600 | D:7      | Reached skill level 5 in Maces & Flails
  7600 | D:7      | Reached skill level 5 in Polearms
  7600 | D:7      | Reached skill level 5 in Staves
  7600 | D:7      | Reached skill level 5 in Ranged Weapons
  7600 | D:7      | Reached skill level 5 in Armour
  7600 | D:7      | Reached skill level 5 in Stealth
  7600 | D:7      | Reached skill level 5 in Shields
  7600 | D:7      | Reached skill level 5 in Unarmed Combat
  7600 | D:7      | Reached skill level 5 in Spellcasting
  7600 | D:7      | Reached skill level 5 in Evocations
  7600 | D:7      | Reached XP level 10. HP: 53/77 MP: 11/17
  7938 | D:7      | Found a bloodstained altar of Trog.
  7989 | D:7      | Found a transporter.
  7989 | D:7      | Noticed a boulder beetle
  7989 | D:7      | Noticed sammy202020's ghost (novice GrBe)
  8499 | D:7      | Found a transporter.
  8708 | D:8      | Found Lunuat's Magic Scroll Emporium.
  8731 | D:8      | Bought a scroll of summoning for 142 gold pieces
  8731 | D:8      | Bought a scroll of fog for 60 gold pieces
  8731 | D:8      | Bought a scroll of teleportation for 45 gold pieces
  8731 | D:8      | Bought a scroll of identify for 30 gold pieces
  8731 | D:8      | Bought a scroll of identify for 30 gold pieces
  8731 | D:8      | Bought a scroll of enchant weapon for 112 gold pieces
  8760 | D:8      | Found a transporter.
  8790 | D:8      | Found a flagged portal.
  8812 | Bailey   | Entered a bailey
  9135 | Bailey   | Reached skill level 5 in Shapeshifting
  9422 | Bailey   | Noticed an orc knight
  9445 | Bailey   | Killed an orc knight
  9483 | Bailey   | Acquired 996 gold pieces
  9715 | D:8      | Paralysed by a hornet for 3 turns
  9720 | D:8      | Paralysed by a hornet for 1 turns
  9829 | D:8      | Reached skill level 6 in Shields
  9952 | D:8      | Found a transporter.
  9952 | D:8      | Noticed croobank's ghost (novice DsCj)
 10053 | D:8      | Reached XP level 11. HP: 40/84 MP: 11/19
 10750 | D:9      | Reached skill level 5 in Conjurations
 10750 | D:9      | Reached skill level 5 in Hexes
 10750 | D:9      | Reached skill level 5 in Summonings
 10750 | D:9      | Reached skill level 5 in Necromancy
 10750 | D:9      | Reached skill level 5 in Translocations
 10750 | D:9      | Reached skill level 5 in Transmutations
 10750 | D:9      | Reached skill level 5 in Fire Magic
 10750 | D:9      | Reached skill level 5 in Ice Magic
 10750 | D:9      | Reached skill level 5 in Air Magic
 10750 | D:9      | Reached skill level 5 in Earth Magic
 10750 | D:9      | Reached skill level 5 in Poison Magic
 10825 | D:9      | Found a broken altar of Ashenzari.
 10943 | D:9      | Bought a heavily runed scale mail for 270 gold pieces
 10943 | D:9      | Identified the +0 scale mail of Dawn {Contam Harm Str+7}
                  | (You bought it in a shop on level 9 of the Dungeon)
 10943 | D:9      | Bought a shiny helmet for 225 gold pieces
 11053 | D:9      | Found a snail-covered altar of Cheibriados.
 11219 | D:9      | Reached skill level 7 in Shields
 11337 | D:9      | Found a glowing silver altar of Zin.
 11586 | D:10     | Entered Level 10 of the Dungeon
 11592 | D:10     | Paralysed by a hornet for 3 turns
 11594 | D:10     | Noticed a soul eater
 11840 | D:10     | Gained mutation: You sometimes lose your temper in combat.
                  | [a neqoxec]
 11843 | D:10     | Gained mutation: You have an uncontrollable temper. [a
                  | neqoxec]
 12046 | D:10     | Gained mutation: You are dopey. (Int -2) [a neqoxec]
 12047 | D:10     | Gained mutation: Your magical capacity is low. (-10% MP) [a
                  | neqoxec]
 12105 | D:9      | Lost mutation: You are dopey. (Int -2) [potion of mutation]
 12105 | D:9      | Lost mutation: Your magical capacity is low. (-10% MP)
                  | [potion of mutation]
 12105 | D:9      | Lost mutation: You have an uncontrollable temper. [potion
                  | of mutation]
 12105 | D:9      | Gained mutation: Your spells are a little harder to cast,
                  | but a little more powerful. [potion of mutation]
 12105 | D:9      | Gained mutation: You have an uncontrollable temper. [potion
                  | of mutation]
 12105 | D:9      | Gained mutation: You have sharp toenails. [potion of
                  | mutation]
 12106 | D:9      | Lost mutation: You have sharp toenails. [potion of
                  | mutation]
 12106 | D:9      | Lost mutation: Your spells are a little harder to cast, but
                  | a little more powerful. [potion of mutation]
 12106 | D:9      | Lost mutation: You have an uncontrollable temper. [potion
                  | of mutation]
 12106 | D:9      | Gained mutation: Your flesh is cold resistant. (rC+)
                  | [potion of mutation]
 12106 | D:9      | Gained mutation: Your mind is acute. (Int +4, Str/Dex -1)
                  | [potion of mutation]
 12588 | D:11     | Noticed a centaur warrior
 12604 | D:11     | Killed a centaur warrior
 12813 | D:11     | Noticed a boulder beetle
 12833 | D:11     | Killed a boulder beetle
 12930 | D:11     | Noticed a two-headed ogre
 12940 | D:11     | Killed a two-headed ogre
 12941 | D:11     | Reached skill level 8 in Shields
 13057 | D:11     | Noticed a manticore
 13073 | D:11     | Killed a manticore
 13074 | D:11     | Reached XP level 12. HP: 94/94 MP: 14/22
 13137 | D:11     | Found a staircase to the Orcish Mines.
 13146 | D:11     | Noticed a two-headed ogre
 13165 | D:11     | Killed a two-headed ogre
 13617 | D:11     | Found a blossoming altar of Fedhas.
 13624 | D:11     | Found a runed translucent gate.
 13625 | D:11     | Found a runed translucent gate.
 13626 | D:11     | Found a runed translucent gate.
 13627 | D:11     | Noticed PowderKeg's ghost (novice OpSh)
 13627 | D:11     | Noticed grtsk's ghost (journeyman MiBe)
 13627 | D:11     | Noticed gdog's ghost (journeyman GnDe)
 13884 | D:11     | Found a staircase to the Lair.
 14533 | Lair:1   | Entered Level 1 of the Lair of Beasts
 15187 | Lair:1   | Reached skill level 10 in Axes
 15187 | Lair:1   | Reached skill level 10 in Dodging
 15521 | Lair:1   | Reached skill level 9 in Shields
 16640 | Lair:1   | Bought a dazzling great sword for 322 gold pieces
 16640 | Lair:1   | Identified the +1 great sword "Hepsu" {speed, rN+} (You
                  | bought it in a shop on level 1 of the Lair of Beasts)
 16640 | Lair:1   | Bought a masterwork rapier for 252 gold pieces
 16640 | Lair:1   | Identified the +1 rapier of Xiurudgha {vamp, Will+ Dex+2}
                  | (You bought it in a shop on level 1 of the Lair of Beasts)
 16643 | Lair:1   | Bought a runed morningstar for 196 gold pieces
 16656 | Lair:2   | Noticed Urug
 16667 | Lair:2   | Killed Urug
 16843 | Lair:2   | Reached XP level 13. HP: 90/101 MP: 22/25
 17168 | Lair:2   | Reached skill level 10 in Shields
 17526 | Lair:2   | Learned a level 3 spell: Mephitic Cloud
 19315 | Lair:3   | Found a staircase to the Snake Pit.
 19820 | Lair:3   | Reached skill level 11 in Shields
 19973 | Lair:3   | Found a staircase to the Shoals.
 20021 | Lair:3   | Reached skill level 10 in Fighting
 20021 | Lair:3   | Reached skill level 10 in Throwing
 20186 | Lair:3   | Found a runed translucent door.
 20583 | Lair:3   | Noticed an entropy weaver
 20602 | Lair:3   | Killed an entropy weaver
 20608 | Lair:3   | HP: 5/103 [fire crab/blast of flame (2)]
 20613 | Lair:3   | Reached XP level 14. HP: 19/110 MP: 1/27
 21356 | Lair:3   | Reached skill level 10 in Invocations
 23076 | Lair:5   | Entered Level 5 of the Lair of Beasts
 23155 | Lair:5   | Reached skill level 12 in Shields
 23241 | Lair:5   | Identified the +0 quarterstaff of Trauma {heavy, rF+ MP+9}
 24812 | Lair:5   | Found a staircase to the Slime Pits.
 25132 | Orc:1    | Entered Level 1 of the Orcish Mines
 25269 | Orc:1    | Noticed an orc warlord
 25309 | D:11     | Reached XP level 15. HP: 53/117 MP: 14/28
 25529 | D:11     | Killed an orc warlord
 25803 | Orc:1    | Reached skill level 10 in Short Blades
 25803 | Orc:1    | Reached skill level 10 in Long Blades
 25803 | Orc:1    | Reached skill level 10 in Maces & Flails
 25803 | Orc:1    | Reached skill level 10 in Polearms
 25803 | Orc:1    | Reached skill level 10 in Staves
 25803 | Orc:1    | Reached skill level 10 in Ranged Weapons
 25803 | Orc:1    | Reached skill level 10 in Armour
 25803 | Orc:1    | Reached skill level 10 in Stealth
 25803 | Orc:1    | Reached skill level 10 in Unarmed Combat
 25803 | Orc:1    | Reached skill level 10 in Spellcasting
 25803 | Orc:1    | Reached skill level 10 in Evocations
 26438 | Orc:2    | Entered Level 2 of the Orcish Mines
 26455 | Orc:2    | Found Vesuhiet's Book Shop.
 26745 | Orc:2    | Found Izeget's Distillery.
 26752 | Orc:2    | Found Ytyfam's Jewellery Shop.
 26915 | Orc:2    | Found a staircase to the Elven Halls.
 26988 | Orc:2    | Reached skill level 13 in Shields
 27560 | Orc:2    | Found Ylos's Antique Weapon Boutique.
 27572 | Orc:2    | Found Susk's Distillery.
 27866 | Orc:2    | Bought a potion of mutation for 112 gold pieces
 27866 | Orc:2    | Bought 2 potions of mutation for 224 gold pieces
 28425 | D:12     | Identified the +8 mace of Upheaval {protect, rF+ Int+4}
 28506 | D:12     | Noticed Sonja
 28528 | D:12     | Killed Sonja
 28756 | D:12     | Killed grtsk's ghost
 28991 | D:11     | Killed PowderKeg's ghost
 29007 | D:11     | Killed gdog's ghost
 29027 | D:11     | Identified the ring of Huel {rC- Dex+6 SInv Stlth+}
 29030 | D:11     | Identified the +5 scale mail of Obior {-Cast +Inv rPois
                  | Str-4}
 29106 | D:12     | Found an opulent altar of Gozag.
 30621 | D:13     | Found a gate to the Vaults.
 30903 | D:14     | Found a gate leading to a gauntlet.
 30913 | Gauntlet | Entered a Gauntlet
 30913 | Gauntlet | Found a transporter.
 30922 | Gauntlet | Found a transporter.
 30924 | Gauntlet | Found a transporter.
 30926 | Gauntlet | Found a transporter.
 30944 | Gauntlet | Found a transporter.
 30993 | Gauntlet | Found a transporter.
 31003 | Gauntlet | Found a transporter.
 31009 | Gauntlet | Found a transporter.
 31031 | Gauntlet | Found a transporter.
 31044 | Gauntlet | Found a transporter.
 31056 | Gauntlet | Found a transporter.
 31068 | Gauntlet | Found a transporter.
 31077 | Gauntlet | Found a transporter.
 31092 | Gauntlet | Found a transporter.
 31109 | Gauntlet | Found a transporter.
 31127 | Gauntlet | Found a transporter.
 31190 | Gauntlet | Found a transporter.
 31192 | Gauntlet | Found a transporter.
 31647 | Gauntlet | Identified the +11 halberd of Rasuengyvi {flame, rN+}
 31948 | D:14     | Reached XP level 16. HP: 71/126 MP: 11/30
 32369 | D:14     | Noticed Jorgrun
 32388 | D:14     | Killed Jorgrun
 32610 | D:14     | Found a runed translucent door.
 32611 | D:14     | Noticed Biekhle's ghost (journeyman DrVM)
 33107 | D:14     | Killed Biekhle's ghost
 33108 | D:14     | Reached skill level 14 in Shields
 33319 | D:15     | Entered Level 15 of the Dungeon
 33338 | D:15     | Reached skill level 10 in Shapeshifting
 33376 | D:14     | Bought 2 potions of heal wounds for 130 gold pieces
 33376 | D:14     | Bought a potion of curing for 39 gold pieces
 33552 | D:15     | Found a staircase to the Depths.
 33721 | D:15     | Noticed Rupert
 33737 | D:15     | Killed Rupert
 34005 | D:15     | Found an ornate altar of the Wu Jian Council.
 34006 | D:15     | Noticed Nessos
 34033 | D:15     | Killed Nessos
 34297 | D:15     | Identified the +1 helmet of the Swamp {rElec Stlth+}
 34900 | D:15     | Upgraded the game from 0.31-a0-960-g0fca184906 to
                  | 0.31-a0-963-ga325b2283a
 34905 | D:15     | Learned a level 4 spell: Manifold Assault
 34910 | D:15     | Learned a level 4 spell: Olgreb's Toxic Radiance
 35006 | D:13     | Bought the +8 glaive of Byruz {chaos, rPois} for 880 gold
                  | pieces
 35191 | Snake:1  | Entered Level 1 of the Snake Pit
 35238 | Snake:1  | Found a runed translucent gate.
 35238 | Snake:1  | Found a runed translucent gate.
 35239 | Snake:1  | Found a runed translucent gate.
 35243 | Snake:1  | Noticed Xaneum's ghost (journeyman FeAr)
 36123 | Snake:2  | Found a frozen archway.
 36123 | Snake:2  | Noticed an azure jelly
 36141 | Snake:2  | Killed an azure jelly
 36177 | IceCv    | Entered an ice cave
 37391 | IceCv    | Reached skill level 10 in Fire Magic
 39084 | Snake:1  | Killed Xaneum's ghost
 39122 | Snake:1  | Identified the +1 helmet "Erhoil" {Contam Str+3}
 39222 | Snake:1  | Reached skill level 15 in Shields
 39222 | Snake:1  | Reached XP level 17. HP: 109/134 MP: 32/32
 40716 | Snake:3  | Found Zantiluf's Armour Boutique.
 40718 | Snake:3  | Found Tunuor's Distillery.
 40722 | Snake:3  | Found Tekk's Distillery.
 40723 | Snake:3  | Found the macabre finger necklace {Finger+ rN+}
 40782 | Snake:3  | Bought a potion of heal wounds for 70 gold pieces
 40782 | Snake:3  | Bought a potion of invisibility for 112 gold pieces
 40782 | Snake:3  | Bought 2 potions of curing for 84 gold pieces
 40782 | Snake:3  | Bought a potion of lignification for 42 gold pieces
 40782 | Snake:3  | Bought a potion of heal wounds for 70 gold pieces
 40782 | Snake:3  | Bought a potion of heal wounds for 70 gold pieces
 40902 | Snake:3  | Reached skill level 10 in Conjurations
 40902 | Snake:3  | Reached skill level 10 in Hexes
 40902 | Snake:3  | Reached skill level 10 in Summonings
 40902 | Snake:3  | Reached skill level 10 in Necromancy
 40902 | Snake:3  | Reached skill level 10 in Translocations
 40902 | Snake:3  | Reached skill level 10 in Transmutations
 40902 | Snake:3  | Reached skill level 10 in Ice Magic
 40902 | Snake:3  | Reached skill level 10 in Air Magic
 40902 | Snake:3  | Reached skill level 10 in Earth Magic
 40902 | Snake:3  | Reached skill level 10 in Poison Magic
 41230 | Snake:3  | Found a bloodstained altar of Trog.
 41774 | Snake:4  | Entered Level 4 of the Snake Pit
 42495 | Snake:4  | Found Rapetuass's Weapon Emporium.
 43219 | Snake:4  | Reached skill level 16 in Shields
 43725 | Snake:4  | Reached XP level 18. HP: 143/143 MP: 34/34
 44359 | Snake:4  | Got a serpentine rune of Zot
 44636 | Shoals:1 | Entered Level 1 of the Shoals
 44967 | Shoals:1 | Acquired the amulet of Neoz {Reflect rElec rPois rN+ Str+4
                  | SH+5}
 47405 | Shoals:2 | Reached skill level 17 in Shields
 47971 | Shoals:3 | Noticed Ilsuiw
 48244 | Shoals:3 | Reached XP level 19. HP: 151/151 MP: 23/36
 48426 | Shoals:3 | Killed Ilsuiw
 49827 | Shoals:4 | Identified the "Ynaufirr"
 49827 | Shoals:4 | Entered Level 4 of the Shoals
 50071 | Abyss:3  | Cast into level 3 of the Abyss (merfolk impaler)
 50084 | Abyss:3  | Found a corrupted altar of Lugonu.
 50165 | Abyss:3  | Found a corrupted altar of Lugonu.
 50240 | Abyss:3  | Noticed a dread lich
 50346 | Abyss:3  | HP: 4/151 [tentacled starspawn (33)]
 50347 | Abyss:3  | Mangled by a tentacled starspawn

Illustrated notes

Levels and vault maps discovered:
D:1:      dpeg_arrival_ternary, layout_basic, minmay_crystal_room,
          minmay_pentomino_u2
D:2:      minmay_razor_zed, layout_loops_ring, minmay_crystal_water,
          uniq_jessica, uniq_robin
D:3:      layout_basic, amcnicky_altar_gilded, mainiacjoe_overflow_catwalk,
          mainiacjoe_overflow_cross_hatched, mainiacjoe_overflow_24_doors,
          uniq_ijyb
D:4:      layout_basic, gammafunk_ghost_split
D:5:      layout_loops_cross, kennysheep_little_box, minmay_temple_entry_waves,
          uniq_duvessa, uniq_pikel, uniq_prince_ribbit1
D:6:      layout_gridville, nicolae_kite_square_tiling_tiny
D:7:      layout_basic, bloody_trog, gammafunk_ghost_arena,
          chequers_serial_rivers_small_3, dreamdust_gnoll_farm
D:8:      layout_loops_ring, enter_bailey_4, gammafunk_ghost_abyssal_escape,
          nicolae_stop_n_shop_1, minmay_microvault
D:9:      layout_roguey, ashenzari_altar_1, nicolae_overflow_hidden_temple,
          zin_treasury
D:10:     layout_cross, minmay_tree_intersection
D:11:     layout_gridville, lair_entry_dummy, orc_0_dummy,
          gammafunk_ghost_cemetery, fedhas_altar_1
D:12:     layout_rooms, nicolae_gozag_seed_capital, uniq_sonja
D:13:     layout_small_grid, david_vaults_4
D:14:     layout_long_grid, gauntlet_entry_generic,
          hellmonk_ghost_happy_afterlife, grunt_decor_fettered, uniq_jorgrun
D:15:     gammafunk_depths_entry_grave, layout_cave_pools,
          nzn_wu_jian_council_hall, uniq_rupert, uniq_nessos
Temple:   oiseaux_autumnal_temple
Lair:1:   layout_regular_city, grunt_megastairs_1, serial_bayou_shore_a
Lair:2:   beargit_carnivore_pack, layout_small_grid, serial_bayou_shore_b,
          lemuel_fruit_fields, uniq_urug
Lair:3:   gammafunk_mikee_crab_dinner, layout_chaotic_city, shoals_dummy_entry,
          minmay_snake_entry_six_corridors, grunt_forest_small_clearing_treed
Lair:4:   layout_hall_layers, grunt_megastairs_4, lemuel_fruit_fields,
          lemuel_fruit_tree, lemuel_fruit_fields
Lair:5:   evilmike_catoblepas_cave, layout_long_grid, dpeg_slime_entry_corner,
          chequers_serial_rivers_large_b, nicolae_quartered_pool_super,
          nzn_sisyphean_effort
Shoals:1: layout_shoals, argonaut_gorgonesque
Shoals:2: layout_shoals
Shoals:3: nzn_motion_control, layout_shoals, nicolae_shoals_hunting_party,
          uniq_ilsuiw
Shoals:4: shoals_end_hellmonk_lost_city, serial_shops, uniq_aizul
Snake:1:  layout_honeycomb, gammafunk_ghost_split
Snake:2:  layout_gridlike, portal_ice_cave_entry_frozen_things,
          serial_bayou_shore_b
Snake:3:  layout_concentric_octagons, basic_altar, minmay_shop_star
Snake:4:  grunt_snake_rune_pools, layout_gridlike, serial_shops,
          nicolae_shop_bloodbath_and_beyond, hangedman_snake_pattern,
          grunt_megastairs_2
Orc:1:    layout_diamond_mine, basic_altar
Orc:2:    st_orc_open, layout_caves, serial_shops, shop
Abyss:3:  base: Snake:2, due_exit_kobolds, due_exit_kobolds

Skill      XL: |  1  2  3  4  5  6  7  8  9 10 11 12 13 14 15 16 17 18 19 |
---------------+----------------------------------------------------------+-----
Invocations    | 1 2 3 4 5 6 7 8 9 10 11 12 13 14 | 14.3
Short Blades   | 1 2 3 5 6 8 9 10 11 12 13 | 13.2
Long Blades    | 1 2 3 5 6 8 9 10 11 12 13 | 13.2
Maces & Flails | 1 2 3 5 6 8 9 10 11 12 13 | 13.2
Polearms       | 1 2 3 5 6 8 9 10 11 12 13 | 13.2
Staves         | 1 2 3 5 6 8 9 10 11 12 13 | 13.2
Ranged Weapons | 1 2 3 5 6 8 9 10 11 12 13 | 13.2
Armour         | 1 2 3 5 6 8 9 10 11 12 13 | 13.2
Stealth        | 1 2 3 5 6 8 9 10 11 12 13 | 13.2
Shields        | 1 2 3 5 6 8 9 11 12 13 15 16 17 | 17.4
Unarmed Combat | 1 2 3 5 6 8 9 10 11 12 13 | 13.2
Spellcasting   | 1 2 3 5 6 8 9 10 11 12 13 | 13.2
Evocations     | 1 2 3 5 6 8 9 10 11 12 13 | 13.2
Conjurations   | 1 2 3 4 5 6 7 8 9 10 11 | 11.2
Hexes          | 1 2 3 4 5 6 7 8 9 10 11 | 11.2
Summonings     | 1 2 3 4 5 6 7 8 9 10 11 | 11.2
Necromancy     | 1 2 3 4 5 6 7 8 9 10 11 | 11.2
Translocations | 1 2 3 4 5 6 7 8 9 10 11 | 11.2
Transmutations | 1 2 3 4 5 6 7 8 9 10 11 | 11.2
Fire Magic     | 1 2 3 4 5 6 7 8 9 10 11 12 13 | 13.0
Ice Magic      | 1 2 3 4 5 6 7 8 9 10 11 | 11.2
Air Magic      | 1 2 3 4 5 6 7 8 9 10 11 | 11.2
Earth Magic    | 1 2 3 4 5 6 7 8 9 10 11 | 11.2
Poison Magic   | 1 2 3 4 5 6 7 8 9 10 11 | 11.2
Shapeshifting  | 1 2 3 4 5 6 7 8 9 10 11 12 | 12.2
Fighting       | 5 6 7 8 9 10 11 12 13 | 13.9
Throwing       | 5 6 7 8 9 10 11 12 13 | 13.9
Axes           | 7 8 9 10 11 12 13 14 | 14.6
Dodging        | 7 8 9 10 11 12 13 14 | 14.6

Action                     |  1- 3 |  4- 6 |  7- 9 | 10-12 | 13-15 | 16-18 | 19-21 || total
---------------------------+-------+-------+-------+-------+-------+-------+-------++-------
  Melee: Short sword       |    91 |   257 |    62 |       |       |       |       ||   410
         War axe           |     5 |       |     7 |    25 |       |       |       ||    37
         Bite              |     7 |    25 |    55 |   158 |   283 |   222 |    21 ||   771
         Dagger            |       |       |   302 |   482 |       |       |       ||   784
         Scimitar          |       |       |       |   576 |    18 |       |       ||   594
         Morningstar       |       |       |       |    42 |  1471 |   545 |       ||  2058
         Hand axe          |       |       |       |       |     7 |       |       ||     7
         Glaive            |       |       |       |       |       |  1381 |   233 ||  1614
         Punch             |       |       |       |       |       |     1 |       ||     1
  Throw: Throwing net      |       |     3 |       |       |       |       |       ||     3
         Dart              |       |       |     6 |     3 |    11 |     1 |       ||    21
         Boomerang         |       |       |       |     8 |       |       |       ||     8
         Javelin           |       |       |       |       |    12 |    40 |     8 ||    60
         Stone             |       |       |       |       |       |    11 |       ||    11
   Cast: Mephitic Cloud    |       |       |       |       |     3 |       |       ||     3
         Manifold Assault  |       |       |       |       |       |   170 |    26 ||   196
         Olgreb's Toxic Ra |       |       |       |       |       |    24 |    24 ||    48
 Invoke: Call Merchant     |       |       |       |     2 |     2 |     1 |       ||     5
  Evoke: Wand              |       |       |     6 |     7 |    12 |       |       ||    25
    Use: Scroll            |       |     4 |     1 |    13 |    13 |    13 |     1 ||    45
         Potion            |       |       |       |     3 |     8 |     4 |     2 ||    17
   Stab: Betrayed ally     |       |       |     1 |       |       |       |       ||     1
         Distracted        |       |       |       |     2 |     2 |    10 |     4 ||    18
         Confused          |       |       |       |       |     3 |     5 |     2 ||    10
         Sleeping          |       |       |       |       |     6 |    27 |       ||    33
         Invisible         |       |       |       |       |     9 |       |       ||     9
         Petrified         |       |       |       |       |       |     2 |       ||     2
 Armour: Leather armour    |    47 |    54 |       |       |       |       |       ||   101
         Chain mail        |       |   123 |   198 |   724 |  1219 |       |       ||  2264
         Scale mail        |       |       |       |       |    13 |  1240 |   176 ||  1429
  Dodge: Dodged            |    50 |    90 |   192 |   774 |  1361 |  1797 |   253 ||  4517
  Block: Kite shield       |     9 |   116 |   165 |   771 |  1363 |   485 |       ||  2909

Table legend: (Time is in decaauts)
 A = Elapsed time spent in this place.
 B = Non-inter-level travel time spent in this place.
 C = Inter-level travel time spent in this place.
 D = Time resting spent in this place.
 E = Time spent auto-exploring this place.
 F = Levels seen in this place.
 G = Mean time per level.
                   A        B        C        D        E       F      G
               +--------+--------+--------+--------+--------+-----+--------+
         Total |  51581 |  49133 |   2448 |   9036 |  27901 |  35 | 1473.7 |
       Dungeon |  20568 |  19586 |    982 |   1666 |  13674 |  15 | 1371.2 |
        Temple |     60 |      1 |     59 |      0 |      0 |   1 |   60.0 |
          Lair |  11574 |  11093 |    481 |   2805 |   6028 |   5 | 2314.8 |
        Shoals |   5502 |   5252 |    250 |    987 |   2808 |   4 | 1375.5 |
     Snake Pit |   6876 |   6293 |    583 |    968 |   3450 |   4 | 1719.0 |
  Orcish Mines |   2758 |   2666 |     92 |    196 |   1805 |   2 | 1379.0 |
         Abyss |    295 |    295 |      0 |     36 |      0 |   1 |  295.0 |
        Bailey |    700 |    700 |      0 |    358 |      0 |   1 |  700.0 |
      Ice Cave |   2240 |   2240 |      0 |   1492 |    133 |   1 | 2240.0 |
      Gauntlet |   1004 |   1004 |      0 |    527 |      0 |   1 | 1004.0 |
               +--------+--------+--------+--------+--------+-----+--------+

Top non-repeatable levels by time:
  Lair:3: 3583 daAuts
    D:11: 3187 daAuts
 Snake:4: 2562 daAuts
  Lair:2: 2502 daAuts
   IceCv: 2240 daAuts
  Lair:1: 2066 daAuts
  Lair:5: 2002 daAuts
Shoals:2: 1922 daAuts
Shoals:3: 1761 daAuts
   Orc:2: 1744 daAuts
    D:14: 1683 daAuts
 Snake:3: 1580 daAuts
Shoals:1: 1553 daAuts
 Snake:2: 1533 daAuts
    D:15: 1511 daAuts

Levels and vault maps discovered:
D:1:      dpeg_arrival_ternary, layout_basic, minmay_crystal_room,
          minmay_pentomino_u2
D:2:      minmay_razor_zed, layout_loops_ring, minmay_crystal_water,
          uniq_jessica, uniq_robin
D:3:      layout_basic, amcnicky_altar_gilded, mainiacjoe_overflow_catwalk,
          mainiacjoe_overflow_cross_hatched, mainiacjoe_overflow_24_doors,
          uniq_ijyb
D:4:      layout_basic, gammafunk_ghost_split
D:5:      layout_loops_cross, kennysheep_little_box, minmay_temple_entry_waves,
          uniq_duvessa, uniq_pikel, uniq_prince_ribbit1
D:6:      layout_gridville, nicolae_kite_square_tiling_tiny
D:7:      layout_basic, bloody_trog, gammafunk_ghost_arena,
          chequers_serial_rivers_small_3, dreamdust_gnoll_farm
D:8:      layout_loops_ring, enter_bailey_4, gammafunk_ghost_abyssal_escape,
          nicolae_stop_n_shop_1, minmay_microvault
D:9:      layout_roguey, ashenzari_altar_1, nicolae_overflow_hidden_temple,
          zin_treasury
D:10:     layout_cross, minmay_tree_intersection
D:11:     layout_gridville, lair_entry_dummy, orc_0_dummy,
          gammafunk_ghost_cemetery, fedhas_altar_1
D:12:     layout_rooms, nicolae_gozag_seed_capital, uniq_sonja
D:13:     layout_small_grid, david_vaults_4
D:14:     layout_long_grid, gauntlet_entry_generic,
          hellmonk_ghost_happy_afterlife, grunt_decor_fettered, uniq_jorgrun
D:15:     gammafunk_depths_entry_grave, layout_cave_pools,
          nzn_wu_jian_council_hall, uniq_rupert, uniq_nessos
Temple:   oiseaux_autumnal_temple
Lair:1:   layout_regular_city, grunt_megastairs_1, serial_bayou_shore_a
Lair:2:   beargit_carnivore_pack, layout_small_grid, serial_bayou_shore_b,
          lemuel_fruit_fields, uniq_urug
Lair:3:   gammafunk_mikee_crab_dinner, layout_chaotic_city, shoals_dummy_entry,
          minmay_snake_entry_six_corridors, grunt_forest_small_clearing_treed
Lair:4:   layout_hall_layers, grunt_megastairs_4, lemuel_fruit_fields,
          lemuel_fruit_tree, lemuel_fruit_fields
Lair:5:   evilmike_catoblepas_cave, layout_long_grid, dpeg_slime_entry_corner,
          chequers_serial_rivers_large_b, nicolae_quartered_pool_super,
          nzn_sisyphean_effort
Shoals:1: layout_shoals, argonaut_gorgonesque
Shoals:2: layout_shoals
Shoals:3: nzn_motion_control, layout_shoals, nicolae_shoals_hunting_party,
          uniq_ilsuiw
Shoals:4: shoals_end_hellmonk_lost_city, serial_shops, uniq_aizul
Snake:1:  layout_honeycomb, gammafunk_ghost_split
Snake:2:  layout_gridlike, portal_ice_cave_entry_frozen_things,
          serial_bayou_shore_b
Snake:3:  layout_concentric_octagons, basic_altar, minmay_shop_star
Snake:4:  grunt_snake_rune_pools, layout_gridlike, serial_shops,
          nicolae_shop_bloodbath_and_beyond, hangedman_snake_pattern,
          grunt_megastairs_2
Orc:1:    layout_diamond_mine, basic_altar
Orc:2:    st_orc_open, layout_caves, serial_shops, shop
Abyss:3:  base: Snake:2, due_exit_kobolds, due_exit_kobolds
